 Dungeon Crawl Stone Soup version 0.21.0-3-g78d12a8 (webtiles) character file.

214 tamerofbeasts the Shield-Bearer (level 5, 0/33 HPs)
             Began as a Gargoyle Fighter on Jan 11, 2018.
             Slain by Natasha (5 damage)
             ... on level 3 of the Dungeon.
             The game lasted 00:06:02 (2637 turns).

tamerofbeasts the Shield-Bearer (Gargoyle Fighter)  Turns: 2637, Time: 00:06:04

Health: 0/33       AC: 13    Str: 19    XL:     5   Next: 92%
Magic:  5/5        EV:  7    Int:  9    God:
Gold:   161        SH:  9    Dex: 10    Spells: 4/4 levels left

rFire    . . .     SeeInvis .   j - +0 short sword
rCold    . . .     Gourm    .   c - +0 shield
rNeg     + . .     Faith    .   b - +0 scale mail
rPois    ∞         Spirit   .   (no helmet)
rElec    +         Reflect  .   h - +0 cloak
rCorr    .         Harm     .   g - +0 pair of gloves
MR       .....                  (no boots)
Stlth    ..........             (no amulet)
HPRegen  0.11/turn              (no ring)
MPRegen  0.09/turn              (no ring)

@: slowed, very slow
A: negative energy resistance 1, electricity resistance, unbreathing,
petrification resistance, rot immunity, AC +4
a: no special abilities


You were on level 3 of the Dungeon.
You were not hungry.

You visited 1 branch of the dungeon, and saw 3 of its levels.

You collected 161 gold pieces.

Inventory:

Hand Weapons
 a - a +0 flail
 j - a +0 short sword (weapon)
Armour
 b - a +0 scale mail (worn)
 c - a +0 shield (worn)
 g - a +0 pair of gloves (worn)
 h - a +0 cloak (worn)
 p - a +0 helmet
Jewellery
 i - an uncursed amulet of the gourmand {unknown}
 m - an uncursed amulet of harm {unknown}
 n - an uncursed ring of flight {unknown}
Wands
 l - a wand of random effects (29)
Scrolls
 e - a scroll of amnesia {unknown}
 f - a scroll of immolation {unknown}
 k - a scroll of teleportation {unknown}
 o - a scroll of remove curse {unknown}
Potions
 q - 2 potions of lignification {unknown}
Comestibles
 d - 2 rations


   Skills:
 + Level 3.6 Fighting
 + Level 2.6 Short Blades
 + Level 2.7 Maces & Flails
 + Level 3.8 Armour
 + Level 0.9 Dodging
 + Level 4.7 Shields


You had 4 spell levels left.
You didn't know any spells.

Dungeon Overview and Level Annotations

Branches:
Dungeon (3/15)

Altars:
Hepliaklqana

Annotations:
D:3 Natasha


Innate Abilities, Weirdness & Mutations

You are resistant to torment.
Your stone body is resilient. (AC +4)
You are immune to poison.
You resist negative energy. (rN+)
You are resistant to electric shocks. (rElec)
You can survive without breathing.
You are immune to petrification.
You are immune to rotting.


Message History

The shadow imp hits you but does no damage.
You hit Natasha but do no damage.
Natasha is severely wounded.
Natasha claws you but does no damage. You block the white imp's attack.
You block the shadow imp's attack. Natasha claws you but does no damage.
The shadow imp sputters.
The shadow imp misses you.
The white imp hits you but does no damage.
You closely miss Natasha.
Natasha is severely wounded.
You block Natasha's attack.
The white imp hits you but does no damage.
You block the shadow imp's attack.
You hit Natasha but do no damage.
Natasha is severely wounded.
Natasha claws you but does no damage. The white imp gestures at you.
You block the puff of frost. The shadow imp closely misses you.
Natasha claws you.
You die...

#........# ######### #.
#........# #........ #.
#........# #........ #. #
#........# ###........ #####.
###........#####.†....>...
#...<.
.##.......................
#.###.
.##.................########.#
#.
.................5..##.(.....#
#.
................@h.[#)(#######
#. .#...............5.(((## ..
..#.................### .#
.......##............#
#.#....##............#
#....................##
..........#...........#####
..........#####.......#....
.#..........#....<......#


You could see Natasha, a white imp and a shadow imp.

Vanquished Creatures
  An orc priest (D:3)
  Terence (D:3)
  Natasha (twice) (D:3)
  3 adders
  An ooze (D:1)
  A worm (D:2)
  2 dart slugs
  4 orcs (D:3)
  4 giant cockroaches
  9 goblins
  2 hobgoblins
  10 jackals
  A quokka (D:3)
  7 bats
  2 frilled lizards
  6 kobolds
  11 rats
67 creatures vanquished.

Notes
Turn   | Place    | Note
-------+----------+-------------------------------------------
     0 | D:1      | tamerofbeasts the Gargoyle Fighter began the quest for the Orb.
     0 | D:1      | Reached XP level 1. HP: 14/14 MP: 1/1
   275 | D:1      | Reached XP level 2. HP: 19/19 MP: 2/2
   536 | D:1      | Reached XP level 3. HP: 13/23 MP: 3/3
   982 | D:2      | Reached skill level 4 in Shields
  1619 | D:2      | Found a hazy altar of Hepliaklqana.
  1727 | D:2      | Reached XP level 4. HP: 28/28 MP: 4/4
  2084 | D:3      | Noticed Terence
  2126 | D:3      | Killed Terence
  2126 | D:3      | Reached skill level 1 in Short Blades
  2247 | D:3      | Reached XP level 5. HP: 30/32 MP: 5/5
  2293 | D:3      | Noticed Natasha
  2311 | D:3      | Killed Natasha
  2555 | D:3      | Noticed Natasha
  2585 | D:3      | Killed Natasha
  2621 | D:3      | Noticed Natasha
  2637 | D:3      | Slain by Natasha

Skill      XL: |  1  2  3  4  5 |
---------------+----------------+-----
Shields        | 4 |  4.7
Short Blades   | 1 2 |  2.6
Fighting       | |  3.6
Maces & Flails | |  2.7
Armour         | |  3.8
Dodging        | |  0.9

Action                   |  1- 3 |  4- 6 || total
-------------------------+-------+-------++-------
Melee: Flail             |   162 |     9 ||   171
       Short sword       |       |   166 ||   166
  Use: Potion            |     1 |       ||     1
  Eat: Ration            |     2 |       ||     2
Armor: Scale mail        |   203 |   104 ||   307
Dodge: Dodged            |   109 |    65 ||   174
Block: Shield            |   170 |    98 ||   268
